 Dungeon Crawl Stone Soup version 0.20-a0-270-g8e735b6 (webtiles) character file.

765 Faca the Shield-Bearer (level 8, 0/61 HPs)
             Began as a Formicid Fighter on Dec 9, 2016.
             Was an Initiate of Trog.
             Succumbed to a killer bee's poison
             ... on level 4 of the Dungeon.
             The game lasted 00:10:55 (3346 turns).

Faca the Shield-Bearer (Formicid Fighter)           Turns: 3346, Time: 00:10:55

Health: 0/61       AC: 13    Str: 21    XL:     8   Next: 8%
Magic:  8/8        EV:  6    Int:  8    God:    Trog [......]
Gold:   195        SH: 10    Dex: 12    Spells: 7/7 levels left

rFire  . . .     SeeInvis +     a - +0 flail
rCold  . . .     Gourm    .     l - +1 plate armour
rNeg   . . .     Faith    .     i - +0 shield
rPois  .         Spirit   .     (helmet unavailable)
rElec  .         Reflect  .     (no cloak)
rCorr  .         Harm     .     (no gloves)
MR     .....                    (no boots)
Stlth  ..........               (no amulet)
                                (no ring)
                                (no ring)

@: lethally poisoned (0 -> -14)
A: permanent stasis, dig shafts and tunnels, four strong arms, antennae 3
a: Dig, Shaft Self, Burn Spellbooks, Renounce Religion


You were on level 4 of the Dungeon.
You worshipped Trog.
Trog was noncommittal.
You were not hungry.

You visited 2 branches of the dungeon, and saw 5 of its levels.

You collected 195 gold pieces.

Inventory:

Hand Weapons
 a - a +0 flail (weapon)
Armour
 i - a +0 shield (worn)
 l - a +1 plate armour (worn)
Scrolls
 c - a scroll of enchant armour
 e - a scroll of remove curse
 g - 4 scrolls of identify
Potions
 d - 2 potions of flight
 j - a potion of brilliance
Comestibles
 f - 2 bread rations


   Skills:
 + Level 4.6 Fighting
 + Level 5.4 Maces & Flails
 + Level 4.8 Armour
 + Level 1.3 Dodging
 + Level 6.6 Shields


You had 7 spell levels left.
You didn't know any spells.

Dungeon Overview and Level Annotations

Branches:
Dungeon (4/15)             Temple (1/1) D:4

Altars:
Gozag
Makhleb
Okawaru
Ru
Sif Muna
Trog
Yredelemnul
The Shining One


Innate Abilities, Weirdness & Mutations

You cannot be hasted, slowed, berserked, paralysed or teleported.
You can dig through walls and to a lower floor.
Your four strong arms can wield two-handed weapons with a shield.
You have a pair of large antennae on your head. (SInv)


Message History

The killer bee is severely wounded.
You feel sick. You block the killer bee's attack.
The killer bee barely misses you. The killer bee stings you.
* * * LOW HITPOINT WARNING * * *
You are more poisoned.
The killer bee poisons you!
You sock the killer bee!
You kill the killer bee!
Trog accepts your kill.
* * * LOW HITPOINT WARNING * * *
You feel sick. The killer bee closely misses you. The killer bee stings you.
* * * LOW HITPOINT WARNING * * *
You hit the killer bee.
The killer bee is lightly wounded.
* * * LOW HITPOINT WARNING * * *
You feel sick. You block the killer bee's attack.
The killer bee barely misses you.
Your plate armour prevents you from hitting the killer bee.
The killer bee is lightly wounded.
You die...

## .. .# .# .## .# ##
... .# .y {{{..# ##.#.#
#+# #..
###################....#
#.# #.##
............[[>.@y.....#
#.# #.##
.##################....+
._. +.## .# ##.(.....#
### #.## .# #..
.........# ### #.## .#
#.# #.......#######..#
.# #.#
####...รท.......... .##
#.# #...#.#[..#.###
..#########.#
#...#.......# #
<...........#
##.########.###


You could see a killer bee.

Vanquished Creatures
  The ghost of CephalicBurn the Chopper, an amateur OpGl of Ashenzari (D:4)
  A scorpion (D:4)
  5 killer bees (D:4)
  A bullfrog skeleton (D:4)
  An iguana (D:4)
  2 orc wizards (D:3)
  Ijyb (D:2)
  2 worker ants (D:4)
  5 adders
  A worm (D:2)
  3 dart slugs
  3 leopard geckos
  7 orcs
  2 ball pythons
  8 bats
  11 giant cockroaches
  9 goblins
  13 hobgoblins
  A frilled lizard (D:2)
  4 kobolds
  6 rats
87 creatures vanquished.

Notes
Turn   | Place    | Note
-------+----------+-------------------------------------------
     0 | D:1      | Faca the Formicid Fighter began the quest for the Orb.
     0 | D:1      | Reached XP level 1. HP: 18/18 MP: 1/1
    39 | D:1      | Reached XP level 2. HP: 20/24 MP: 2/2
   373 | D:1      | Reached XP level 3. HP: 26/30 MP: 3/3
   551 | D:2      | Reached skill level 4 in Shields
   660 | D:2      | Reached XP level 4. HP: 8/37 MP: 4/4
  1005 | D:2      | Noticed Ijyb
  1033 | D:2      | Killed Ijyb
  1092 | D:2      | Reached XP level 5. HP: 39/42 MP: 5/5
  1362 | D:3      | HP: 2/42 [giant cockroach (1)]
  1744 | D:3      | Reached skill level 5 in Shields
  1869 | D:3      | Reached skill level 1 in Dodging
  1869 | D:3      | Reached XP level 6. HP: 22/48 MP: 6/6
  2970 | D:4      | Found a deep blue altar of Sif Muna.
  2991 | D:4      | Reached XP level 7. HP: 49/54 MP: 7/7
  3040 | D:4      | Found a staircase to the Ecumenical Temple.
  3060 | Temple   | Entered the Ecumenical Temple
  3068 | Temple   | Became a worshipper of Trog the Wrathful
  3147 | D:4      | Noticed CephalicBurn's ghost (amateur OpGl)
  3164 | D:4      | Killed CephalicBurn's ghost
  3164 | D:4      | Reached skill level 5 in Maces & Flails
  3164 | D:4      | Reached skill level 6 in Shields
  3334 | D:4      | Reached XP level 8. HP: 25/61 MP: 8/8
  3344 | D:4      | HP: 3/61 [killer bee (3)]
  3345 | D:4      | HP: 1/61 [poisoned by a killer bee]
  3346 | D:4      | Succumbed to a killer bee's poison

Vault maps used:
D:1:      dpeg_arrival_pond
D:2:      uniq_iyjb
D:3:      minmay_roachtagon, kennysheep_generic_room_16
D:4:      lemuel_doored_altar, first_bread, nicolae_qazlal_style_of_elements
Temple:   cyrus_circular_temple

Skill      XL: |  1  2  3  4  5  6  7 |
---------------+----------------------+-----
Shields        | 4 5 6 |  6.6
Fighting       | 4 |  4.6
Maces & Flails | 3 4 5 |  5.4
Armour         | 4 |  4.8
Dodging        | 1 |  1.3

Action                   |  1- 3 |  4- 6 |  7- 9 || total
-------------------------+-------+-------+-------++-------
Melee: Flail             |   120 |   266 |    84 ||   470
  Use: Scroll            |     4 |     9 |     1 ||    14
       Potion            |       |     3 |     2 ||     5
 Stab: Invisible         |       |     1 |       ||     1
  Eat: Beef jerky        |       |     2 |       ||     2
       Meat ration       |       |     1 |       ||     1
       Fruit             |       |       |     3 ||     3
Armor: Scale mail        |    40 |       |       ||    40
       Plate armour      |    40 |   343 |    56 ||   439
Dodge: Dodged            |    39 |   109 |    23 ||   171
Block: Shield            |    57 |   227 |    66 ||   350
